 Dungeon Crawl Stone Soup version 0.30-a0-358-g0d69a1922f (webtiles) character file.

Game seed: 13672148948740580329

2490 funkygono the Magician (level 9, -1/63 HPs)
             Began as a White Draconian Fire Elementalist on Nov 8, 2022.
             Was a Follower of Vehumet.
             Slain by a hornet (7 damage)
             ... while paralysed by a hornet
             ... on level 7 of the Dungeon.
             The game lasted 00:12:48 (7493 turns).

funkygono the Magician (DrFE)                       Turns: 7493, Time: 00:12:48

Health: -1/63      AC:  9    Str: 10    XL:     9   Next: 27%
Magic:  17/20      EV:  2    Int: 26    God:    Vehumet [*.....]
Gold:   323        SH:  0    Dex: 12    Spells: 3/23 levels left

rFire   . . .      SeeInvis .    m - +1 whip
rCold   + . .      Faith    .    (no shield)
rNeg    . . .      Spirit   .    (body armour unavailable)
rPois   .          Reflect  .    (helmet restricted)
rElec   .          Harm     .    b - +0 cloak
rCorr   .          Rampage  .    f - +0 pair of gloves
Will    .....                    (no boots)
Stlth   ++........               (no amulet)
HPRegen 0.30/turn                h - +6 ring of intelligence
MPRegen 0.17/turn                (no ring)

@: paralysed, lethally poisoned (-1 -> -22), slowed
A: breathe frost, AC +7, unfitting armour, cold resistance 1, cold-blooded
a: Breathe Frost, Renounce Religion


You were on level 7 of the Dungeon.
You worshipped Vehumet.
Vehumet was aware of your devotion.
You visited 2 branches of the dungeon, and saw 8 of its levels.
You also visited: Sewer.

You collected 323 gold pieces.

Inventory:

Hand Weapons
 m - a +1 whip (weapon)
Missiles
 u - a throwing net
Armour
 b - a +0 cloak (worn)
 f - a +0 pair of gloves (worn)
 s - a +1 pair of boots
Jewellery
 h - a +6 ring of intelligence (left hand)
 o - a ring of positive energy
Wands
 p - a wand of mindburst (21)
 v - a wand of flame (15)
 w - a wand of charming (6)
Scrolls
 j - a scroll of teleportation
 n - a scroll of vulnerability
 q - 5 scrolls of amnesia
 r - a scroll of blinking
 x - a scroll of enchant armour {unknown}
Potions
 a - a potion of magic
 c - 2 potions of brilliance {unknown}
 d - 5 potions of curing
 e - 2 potions of flight
 g - 2 potions of resistance {unknown}
 i - 2 potions of haste
 k - a potion of berserk rage {unknown}
 l - a potion of mutation {unknown}
 t - a potion of invisibility {unknown}


   Skills:
 + Level 0.7 Fighting
 + Level 0.5 Maces & Flails
 + Level 2.6 Dodging
 - Level 1.7 Stealth
 + Level 7.6 Spellcasting
 + Level 5.2 Conjurations
 + Level 6.9 Fire Magic


You had 3 spell levels left.
You knew the following spells:

 Your Spells              Type           Power      Damage    Failure   Level
a - Foxfire               Conj/Fire      100%       2x1d9     1%          1
b - Scorch                Fire           90%        2d10      1%          2
c - Kindle Blastsparks    Fire/Tloc/Air  42%        2d13      7%          3
d - Flame Wave            Conj/Fire      41%        2d11      4%          4
e - Ozocubu's Armour      Ice            9%         N/A       19%         3
f - Iron Shot             Conj/Erth      11%        9d3       97%         6
g - Kiss of Death         Conj/Necr      92%        2d12      1%          1

Your spell library contained the following spells:

 Spells                   Type           Power      Damage    Failure   Level
 Shock                    Conj/Air       92%        1d8       1%          1
 Static Discharge         Conj/Air       46%        2-4/arc   3%          2
 Inner Flame              Hex/Fire       27%        N/A       4%          3
 Beastly Appendage        Tmut           18%        N/A       6%          1
 Wereblood                Tmut           9%         N/A       9%          2
 Mephitic Cloud           Conj/Pois/Air  19%        N/A       9%          3
 Spider Form              Tmut/Pois      9%         N/A       19%         3
 Iskenderun's Battlesphe  Conj           37%        2d9       19%         5
 Lightning Bolt           Conj/Air       11%        1d24      50%         5
 Ozocubu's Refrigeration  Ice            4%         4d8       100%        7


Dungeon Overview and Level Annotations

Branches:
Dungeon (7/15)             Temple (1/1) D:4           Sewer (visited)

Altars:
Ashenzari
Dithmenos
Fedhas
Hepliaklqana
Makhleb
Nemelex Xobeh
Qazlal
Sif Muna
Trog
Uskayaw
Vehumet
Xom
Yredelemnul
The Shining One


Innate Abilities, Weirdness & Mutations

You can breathe waves of freezing cold which knock back foes.
Your icy white scales are hard. (AC +7)
You cannot fit into any form of body armour.
Your flesh is cold resistant. (rC+)
You are cold-blooded and may be slowed by cold attacks.


Message History

You barely miss something.
Your tail-slap misses something.
Something hits you but does no damage.
You closely miss something.
You feel less confused.
You hear some strange, mumbled words.
Something tries to affect you, but you resist.
You hit something.
You have got your breath back.
Something hits you but does no damage.
You closely miss something.
You hear some strange, mumbled words.
A puff of flame appears from out of thin air!
The puff of flame hits you.
You barely miss something.
A hornet comes into view.
Something hits you but does no damage.
You miss something.
You hear some strange, mumbled words.
A puff of flame appears from out of thin air!
The puff of flame hits you!
You whack something! Vehumet accepts your kill.
Reactivating autopickup.
You feel a bit more experienced.
The hornet stings you but does no damage.
You hit the hornet but do no damage.
Your tail-slap misses the hornet.
The hornet stings you.
You are poisoned.
You suddenly lose the ability to move!
You feel very sick. The hornet stings you.
You are more poisoned.
You feel yourself slow down. The hornet stings you!
* * * LOW HITPOINT WARNING * * *
You are more poisoned.
You feel as though you will be slow longer.
* * * LOW HITPOINT WARNING * * *
You feel very sick. The hornet stings you!
You die...

#.# #.#
##############.#
#........[..##.###
#.#########.#.....
#.# #.###### ##.##
#.# #.# ####
......#)# #.###...
#...)y@# #.....##
#.###### #.###.#
### ###


You could see a hornet.

Vanquished Creatures
  Prince Ribbit (D:5)
  Sigmund (D:3)
  A steam dragon (D:6)
  2 water moccasins (D:5)
  An ice beast (D:6)
  3 phantoms
  2 bullfrogs (Sewer)
  4 scorpions
  A necrophage (D:6)
  A gnoll sergeant (D:6)
  A howler monkey (D:5)
  2 orc priests
  3 iguanas
  Jessica (D:3)
  Terence (D:2)
  3 scorpion zombies (D:4)
  11 orc wizards
  4 gnolls (D:6)
  16 adders
  6 river rats
  A white imp (D:5)
  2 adder zombies (D:4)
  4 worms
  A dart slug (D:4)
  18 orcs
  23 ball pythons
  4 bats
  11 endoplasms
  3 giant cockroaches
  9 goblins
  7 hobgoblins
  3 jackals (D:1)
  6 kobolds
  7 quokkas
  5 frilled lizards
  38 rats
207 creatures vanquished.

Vanquished Creatures (others)
  504 foxfires
504 creatures vanquished.

Grand Total: 711 creatures vanquished

Notes
Turn   | Place    | Note
-------+----------+-------------------------------------------
     0 | D:1      | funkygono the Draconian Fire Elementalist began the quest
                  | for the Orb.
     0 | D:1      | Reached XP level 1. HP: 14/14 MP: 3/3
    85 | D:1      | Reached XP level 2. HP: 16/20 MP: 0/5
    88 | D:1      | Learned a level 2 spell: Scorch
   540 | D:1      | Reached XP level 3. HP: 26/26 MP: 0/6
   544 | D:1      | Learned a level 3 spell: Kindle Blastsparks
   675 | D:1      | Found a faded altar of an unknown god.
  1102 | D:2      | Noticed Terence
  1116 | D:2      | Killed Terence
  1377 | D:2      | Reached XP level 4. HP: 33/33 MP: 5/8
  1911 | D:3      | Noticed a scorpion
  1918 | D:3      | Killed a scorpion
  1919 | D:3      | Reached skill level 3 in Spellcasting
  1919 | D:3      | Reached XP level 5. HP: 38/38 MP: 2/9
  1934 | D:3      | Noticed Jessica
  1943 | D:3      | Killed Jessica
  2062 | D:3      | Found a glowing drain.
  2069 | Sewer    | Entered a sewer
  2111 | Sewer    | Reached XP level 6. HP: 45/45 MP: 9/11
  2116 | Sewer    | Learned a level 4 spell: Flame Wave
  2662 | Sewer    | Reached skill level 4 in Spellcasting
  2665 | Sewer    | Reached skill level 5 in Fire Magic
  2665 | Sewer    | Your scales start taking on an icy white colour.
  2665 | Sewer    | Reached XP level 7. HP: 7/51 MP: 4/13
  2665 | Sewer    | Gained mutation: Your flesh is cold resistant. (rC+) [White
                  | Draconian growth]
  3033 | D:3      | Noticed Sigmund
  3047 | D:3      | Killed Sigmund
  3621 | D:3      | Found a blossoming altar of Fedhas.
  3764 | D:3      | Identified a scroll of acquirement
  3764 | D:3      | Acquired the Lectures on Battling
  3779 | D:3      | Learned a level 3 spell: Ozocubu's Armour
  3839 | D:4      | Found a shadowy altar of Dithmenos.
  3928 | D:4      | Found a basalt altar of Yredelemnul.
  3980 | D:4      | Reached skill level 5 in Spellcasting
  4117 | D:4      | Found a hazy altar of Hepliaklqana.
  4242 | D:4      | Found a staircase to the Ecumenical Temple.
  4293 | Temple   | Entered the Ecumenical Temple
  4359 | Temple   | Became a worshipper of Vehumet
  4753 | D:4      | Found a shimmering altar of Xom.
  4893 | D:5      | Entered Level 5 of the Dungeon
  4991 | D:5      | Reached skill level 5 in Fire Magic
  5077 | D:5      | Reached XP level 8. HP: 58/58 MP: 5/16
  5205 | D:5      | Noticed Prince Ribbit
  5211 | D:5      | Killed Prince Ribbit
  5324 | D:5      | Reached skill level 6 in Spellcasting
  6024 | D:5      | Learned a level 6 spell: Iron Shot
  6415 | D:6      | Reached skill level 7 in Spellcasting
  6482 | D:6      | Reached XP level 9. HP: 63/63 MP: 13/19
  6743 | D:6      | Reached * piety under Vehumet
  6743 | D:6      | Offered knowledge of Kiss of Death by Vehumet.
  6756 | D:6      | Reached skill level 5 in Conjurations
  7356 | D:6      | Learned a level 1 spell: Kiss of Death
  7491 | D:7      | Paralysed by a hornet for 3 turns
  7493 | D:7      | Slain by a hornet

Illustrated notes

Levels and vault maps discovered:
D:1:      dpeg_arrival_tiny_e, layout_rooms, dilly_ecumenical_altar_fadedgnrine,
          palyth_stone_intersect
D:2:      layout_rooms, kennysheep_generic_room_2, uniq_terence
D:3:      layout_loops_ring, nicolae_overflow_crystal_walls,
          lightli_sewer_entry_pipes, uniq_jessica, uniq_sigmund
D:4:      layout_loops_cross, old_standard_altar,
          nicolae_yredelemnul_corpse_copse, mainiacjoe_overflow_big_doors,
          minmay_temple_entry_large_hall
D:5:      layout_gridville, uniq_prince_ribbit1
D:6:      layout_basic
D:7:      layout_basic, mainiacjoe_overflow_cross_hatched
Temple:   nicolae_temple_figure_zero

Skill      XL: |  1  2  3  4  5  6  7  8  9 |
---------------+----------------------------+-----
Dodging        | 2 |  2.6
Fire Magic     | 4 4 5 6 |  6.9
Conjurations   | 2 3 4 5 |  5.2
Spellcasting   | 3 4 5 7 |  7.6
Fighting       | |  0.7
Maces & Flails | |  0.5
Stealth        | |  1.7

Action                   |  1- 3 |  4- 6 |  7- 9 || total
-------------------------+-------+-------+-------++-------
Melee: Unarmed           |     4 |       |       ||     4
       Tailslap          |     2 |     2 |     1 ||     5
       Club              |     8 |     1 |       ||     9
       Whip              |       |    10 |    15 ||    25
       Punch             |       |       |     1 ||     1
 Cast: Foxfire           |    58 |    87 |   142 ||   287
       Scorch            |     3 |     9 |    38 ||    50
       Flame Wave        |       |       |     2 ||     2
 Abil: Breathe Frost     |       |       |    12 ||    12
  Use: Scroll            |       |       |    15 ||    15
Armor: Skin              |     5 |    12 |    18 ||    35
Dodge: Dodged            |    14 |    21 |    19 ||    54

Table legend: (Time is in decaauts)
 A = Elapsed time spent in this place.
 B = Non-inter-level travel time spent in this place.
 C = Inter-level travel time spent in this place.
 D = Time resting spent in this place.
 E = Time spent auto-exploring this place.
 F = Levels seen in this place.
 G = Mean time per level.
                   A        B        C        D        E       F      G
               +--------+--------+--------+--------+--------+-----+--------+
         Total |   7593 |   7384 |    209 |    242 |   6003 |   9 |  843.7 |
       Dungeon |   6629 |   6430 |    199 |    242 |   5231 |   7 |  947.0 |
        Temple |    134 |    124 |     10 |      0 |    117 |   1 |  134.0 |
         Sewer |    829 |    829 |      0 |      0 |    655 |   1 |  829.0 |
               +--------+--------+--------+--------+--------+-----+--------+

Top non-repeatable levels by time:
     D:6: 1347 daAuts
     D:3: 1259 daAuts
     D:5: 1162 daAuts
     D:1: 985 daAuts
     D:4: 929 daAuts
     D:2: 855 daAuts
   Sewer: 829 daAuts
  Temple: 134 daAuts
     D:7: 90 daAuts
